 Dungeon Crawl Stone Soup version 0.28-a0-1199-gef9e1dbd39 (webtiles) character file.

Game seed: 12749702417537285277

244 kelat the Chopper (level 6, -1/53 HPs)
             Began as a Hill Orc Fighter on Dec 19, 2021.
             Splashed by a jelly's acid (3 damage)
             ... on level 4 of the Dungeon.
             The game lasted 00:30:57 (5125 turns).

kelat the Chopper (Hill Orc Fighter)                Turns: 5125, Time: 00:30:58

Health: -1/53      AC: -1    Str: 27    XL:     6   Next: 10%
Magic:  6/6        EV:  8    Int:  8    God:
Gold:   214        SH:  4    Dex: 10    Spells: 5/5 levels left

rFire   . . .      SeeInvis .   N - +2 short sword (flame)
rCold   . . .      Faith    .   c - +0 buckler
rNeg    . . .      Spirit   .   h - +0 chain mail
rPois   .          Reflect  .   D - +0 helmet
rElec   .          Harm     .   (no cloak)
rCorr   .          Rampage  .   (no gloves)
Will    +....                   (no boots)
Stlth   ..........              (no amulet)
HPRegen 0.17/turn               Q - +6 ring of strength
MPRegen 0.10/turn               S - ring of willpower

@: corroded, attractive
A: no striking features
a: no special abilities


You were on level 4 of the Dungeon.
You visited 1 branch of the dungeon, and saw 4 of its levels.

You collected 214 gold pieces.

Inventory:

Hand Weapons
 a - a +0 war axe
 e - a +0 club
 g - a +0 mace
 j - a +2 dagger of electrocution
 n - a +0 short sword
 o - a +0 dagger
 q - a +0 club
 s - a +0 short sword
 u - a +0 dagger
 w - a +0 whip
 C - a +0 dagger
 E - a +0 falchion
 G - a +0 flail
 I - a +0 club
 K - a +0 spear
 N - a +2 short sword of flaming (weapon)
 P - a +0 dagger
 R - a +0 giant club
Missiles
 f - 69 stones (quivered)
 l - 2 boomerangs
 y - 16 arrows
 J - 15 bolts
Armour
 b - a +0 scale mail
 c - a +0 buckler (worn)
 h - a +0 chain mail (worn)
 i - a +0 chain mail
 k - a +0 leather armour
 p - a +0 robe
 r - a +0 scale mail
 t - a +1 pair of gloves
 B - a +0 robe
 D - a +0 helmet (worn)
 H - a +0 ring mail
Jewellery
 Q - a +6 ring of strength (left hand)
 S - a ring of willpower (right hand)
Scrolls
 L - a scroll of identify {unknown}
 O - a scroll of amnesia {unknown}
Potions
 d - a potion of might
 m - a potion of curing {unknown}
 F - a potion of lignification {unknown}
 M - a potion of heal wounds {unknown}


   Skills:
 + Level 4.3 Fighting
 + Level 1.4 Short Blades
 + Level 5.0 Axes
 + Level 4.8 Armour
 + Level 0.5 Dodging
 + Level 0.2 Stealth
 + Level 4.0 Shields


You had 5 spell levels left.
You didn't know any spells.
Your spell library contained the following spells:

 Spells                   Type           Power      Damage    Failure   Level
 Summon Small Mammal      Summ           0%         N/A       94%         1
 Corpse Rot               Necr/Air       0%         N/A       98%         2
 Call Canine Familiar     Summ           0%         N/A       100%        3
 Gell's Gravitas          Tloc           0%         N/A       100%        3
 Lesser Beckoning         Tloc           0%         N/A       100%        3
 Summon Guardian Golem    Hex/Summ       0%         N/A       100%        3
 Teleport Other           Tloc           0%         N/A       100%        3
 Dispel Undead            Necr           0%         3d6       100%        4
 Death Channel            Necr           0%         N/A       100%        6


Dungeon Overview and Level Annotations

Branches:
Dungeon (4/15)
 Temple: D:4-7

Altars:
Xom

Shops:
D:2 [


Message History

S - a ring of willpower (right hand)
Found a coppery potion.
A jelly comes into view.
The jelly quivers.
An iguana comes into view.
The iguana hisses angrily.
The jelly hits you. The acid corrodes you!
You are splashed with acid.
You hit the jelly but do no damage.
Your hands burn!
The jelly hits you. The acid corrodes you!
You are splashed with acid!
You hit the jelly. You burn the jelly.
Your hands burn!
The jelly is lightly wounded.
The jelly hits you but does no damage.
You hit the jelly. You burn the jelly.
Your hands burn!
The jelly is moderately wounded.
The jelly hits you but does no damage.
You puncture the jelly! You burn the jelly.
Your hands burn!
The jelly is heavily wounded.
The jelly hits you but does no damage.
It was a potion of attraction.
You feel attractive to monsters. The jelly hits you but does no damage.
The iguana is attracted toward you.
As you read the scroll labelled NALIOLUIBRIRGH, it crumbles to dust.
The scroll dissolves into smoke.
It was a scroll of fog.
The iguana bites you. The jelly hits you.
* * * LOW HITPOINT WARNING * * *
The acid corrodes you!
You are splashed with acid!
* * * LOW HITPOINT WARNING * * *
As you read the scroll labelled GORUREAHOCS, it crumbles to dust.
You hear a loud clanging noise!
It was a scroll of noise.
The iguana bites you.
* * * LOW HITPOINT WARNING * * *
The jelly closely misses you.
As you read the scroll labelled BOIGUM UTIDAMN, it crumbles to dust.
You assume a fearsome visage.
The iguana looks frightened!
The jelly looks frightened!
It was a scroll of fear.
The iguana is attracted toward you. The jelly is attracted toward you.
You hit the jelly. You burn the jelly.
Your attack snaps the jelly out of its fear.
Your hands burn!
You die...

#.#.....# #.#..####
........# #.#..#
#.......# .....###
#.....!.+ .......+
#.......# ......##
#..§§§..# ..##..#
#.§§§§§.# ......#
#.#.§§l§§.# .###..#
#.#.§J@§§.####
......#####.####§§......
...............§§#######
..##..#####.........#
...#.....##.........#
...#.....##.........#
....................#
...#.....##.........#
..##.....##.........#


You could see an iguana (fleeing) and a jelly (fleeing).

Vanquished Creatures
  An ogre (D:4)
  Terence (D:3)
  An iguana (D:4)
  3 adders
  3 worms
  6 orcs
  7 ball pythons
  6 bats
  7 endoplasms
  2 giant cockroaches
  A goblin (D:2)
  5 hobgoblins
  5 jackals
  10 kobolds
  A frilled lizard (D:2)
  4 rats
63 creatures vanquished.

Notes
Turn   | Place    | Note
-------+----------+-------------------------------------------
     0 | D:1      | kelat the Hill Orc Fighter began the quest for the Orb.
     0 | D:1      | Reached XP level 1. HP: 19/19 MP: 1/1
   389 | D:1      | Reached skill level 3 in Axes
   389 | D:1      | Reached XP level 2. HP: 26/26 MP: 2/2
   765 | D:1      | Reached XP level 3. HP: 33/33 MP: 3/3
  1366 | D:2      | Found Yghoc's Armour Shoppe.
  2141 | D:2      | Reached skill level 4 in Axes
  2401 | D:3      | Found a shimmering altar of Xom.
  2429 | D:3      | Reached XP level 4. HP: 27/40 MP: 4/4
  3165 | D:3      | Noticed Terence
  3175 | D:3      | Killed Terence
  3641 | D:3      | Found a faded altar of an unknown god.
  4250 | D:4      | Reached XP level 5. HP: 40/46 MP: 5/5
  4706 | D:4      | Noticed an ogre
  4716 | D:4      | Killed an ogre
  4717 | D:4      | Reached skill level 1 in Short Blades
  4717 | D:4      | Reached skill level 5 in Axes
  4717 | D:4      | Reached XP level 6. HP: 23/53 MP: 6/6
  5123 | D:4      | HP: 2/53 [iguana (5)]
  5125 | D:4      | Splashed by a jelly's acid

Illustrated notes

Levels and vault maps discovered:
D:1:      dpeg_arrival_rooms_c, layout_basic
D:2:      layout_basic, serial_shops, shop_fountains
D:3:      layout_loops_ring, mainiacjoe_overflow_24_doors,
          ebering_ecumenical_altar_hall, uniq_terence
D:4:      layout_basic

Skill      XL: |  1  2  3  4  5 |
---------------+----------------+-----
Axes           | 3 4 5 |  5.0
Fighting       | 4 |  4.3
Armour         | 4 |  4.8
Short Blades   | 1 |  1.4
Shields        | 4 |  4.0
Dodging        | |  0.5
Stealth        | |  0.2

Action                   |  1- 3 |  4- 6 || total
-------------------------+-------+-------++-------
Melee: War axe           |   126 |     8 ||   134
       Short sword       |       |    57 ||    57
       Dagger            |       |    18 ||    18
  Use: Scroll            |       |     3 ||     3
       Potion            |       |     1 ||     1
Armor: Scale mail        |    51 |     1 ||    52
       Chain mail        |       |    36 ||    36
Dodge: Dodged            |    59 |    24 ||    83
Block: Buckler           |    35 |    13 ||    48

Table legend: (Time is in decaauts)
 A = Elapsed time spent in this place.
 B = Non-inter-level travel time spent in this place.
 C = Inter-level travel time spent in this place.
 D = Time resting spent in this place.
 E = Time spent auto-exploring this place.
 F = Levels seen in this place.
 G = Mean time per level.
                   A        B        C        D        E       F      G
               +--------+--------+--------+--------+--------+-----+--------+
         Total |   5175 |   5130 |     45 |   2003 |      0 |   4 | 1293.8 |
       Dungeon |   5175 |   5130 |     45 |   2003 |      0 |   4 | 1293.8 |
               +--------+--------+--------+--------+--------+-----+--------+

Top non-repeatable levels by time:
     D:3: 1876 daAuts
     D:1: 1302 daAuts
     D:2: 1007 daAuts
     D:4: 989 daAuts
